 Dungeon Crawl Stone Soup version 0.30.0 (webtiles) character file.

Game seed: 1778939571198539200

2399 sasquatch the Basher (level 9, -2/48 HPs)
             Began as a Gargoyle Reaver on May 6, 2023.
             Slain by an ogre
             ... wielding a +0 giant club
              (27 damage)
             ... on level 6 of the Dungeon.
             The game lasted 00:14:58 (5991 turns).

sasquatch the Basher (Gargoyle Reaver)              Turns: 5991, Time: 00:14:58

Health: -2/48      AC: 11    Str: 19    XL:     9   Next: 46%
Magic:  12/12      EV: 11    Int: 19    God:
Gold:   232        SH:  0    Dex:  8    Spells: 9/12 levels left

rFire   . . .        t - +1 morningstar (freeze)
rCold   . . .        (no shield)
rNeg    + . .        b - +0 leather armour
rPois   ∞            (no helmet)
rElec   +            (no cloak)
rCorr   .            i - +1 pair of gloves "Xufoplig" {SInv}
SInv    +            (no boots)
Will    .....        (no amulet)
Stlth   +            d - +4 ring of slaying
HPRegen 0.28/turn    m - +6 ring of intelligence
MPRegen 0.13/turn

%: no passive effects
@: flying
A: sickness immunity, AC +6, negative energy resistance 1, electricity
resistance, torment resistance 1, petrification resistance, big wings, dopey 1,
subdued magic 1
a: no special abilities


You were on level 6 of the Dungeon.
You visited 1 branch of the dungeon, and saw 6 of its levels.
You also visited: Sewer.

You collected 232 gold pieces.

Inventory:

Hand Weapons
 t - a +1 morningstar of freezing (weapon)
Missiles
 n - 4 boomerangs
 v - 11 silver boomerangs
 w - 3 javelins
 x - 3 poisoned darts
Armour
 b - a +0 leather armour (worn)
 i - the +1 pair of gloves "Xufoplig" (worn) {SInv}
   (You found it on level 2 of the Dungeon)

   SInv:      It lets you see invisible.
 k - a +2 chain mail of fire resistance
 u - a +0 ring mail
 C - a +1 chain mail of cold resistance
Jewellery
 d - a +4 ring of slaying (left hand)
 m - a +6 ring of intelligence (right hand)
 r - a ring of protection from cold
 D - a ring of protection from fire
Wands
 a - a wand of polymorph (7)
Scrolls
 c - 5 scrolls of enchant armour
 h - 3 scrolls of enchant weapon
 j - 2 scrolls of magic mapping
 l - 3 scrolls of teleportation
 o - a scroll of noise {unknown}
 s - a scroll of fog
 y - a scroll of immolation {unknown}
 z - a scroll of summoning {unknown}
 B - a scroll of amnesia {unknown}
 E - a scroll of fear
Potions
 e - a potion of haste
 f - 3 potions of invisibility
 g - a potion of brilliance {unknown}
 p - a potion of curing
 q - 2 potions of mutation
 A - a potion of magic


   Skills:
 - Level 2.1 Fighting
 * Level 11.9 Maces & Flails
 - Level 1.5 Dodging
 - Level 2.0 Spellcasting
 + Level 6.0 Conjurations


You had 9 spell levels left.
You knew the following spells:

 Your Spells              Type           Power      Damage    Failure   Level
a - Kiss of Death         Conj/Necr      40%        2d8       4%          1
b - Momentum Strike       Conj/Tloc      20%        3d8       7%          2

Your spell library contained the following spells:

 Spells                   Type           Power      Damage    Failure   Level
 Hailstorm                Conj/Ice       10%        3d5       14%         3
 Stone Arrow              Conj/Erth      20%        3d8       14%         3
 Mephitic Cloud           Conj/Pois/Air  7%         N/A       22%         3
 Poisonous Vapours        Pois/Air       2%         N/A       26%         2
 Summon Guardian Golem    Hex/Summ       1%         N/A       47%         3
 Vhi's Electric Charge    Tloc/Air       2%         N/A       47%         3
 Arcjolt                  Conj/Air       5%         1d15      82%         5
 Animate Armour           Summ/Erth      2%         N/A       87%         4
 Freezing Cloud           Conj/Ice/Air   3%         6-21      92%         5
 Plasma Beam              Fire/Air       0%         2x1d11    100%        6
 Orb of Destruction       Conj           9%         9d6       100%        7
 Spellforged Servitor     Conj/Summ      5%         N/A       100%        7
 Lehudib's Crystal Spear  Conj/Erth      5%         10d3      100%        8


Dungeon Overview and Level Annotations

Branches:
Dungeon (6/15)              Sewer (visited)
 Temple: D:4-7

Altars:
Ru

Shops:
D:1 (


Innate Abilities, Weirdness & Mutations

You are immune to sickness and miasma.
Your stone body is resilient. (AC +6)
You are immune to poison.
You resist negative energy. (rN+)
You are resistant to electric shocks. (rElec)
You are resistant to unholy torment.
You are immune to petrification.
Your large and strong wings let you fly.
You are dopey. (Int -2)
Your spells are a little easier to cast, but a little less powerful.


Message History

There is an open door here.
The ufetubus hits you but does no damage.
The ufetubus barely misses you.
You miss the ufetubus.
The ufetubus hits you but does no damage.
The ufetubus barely misses you.
You thump the ufetubus!
You kill the ufetubus!
No target in view!
No target in view!
E - a scroll of fear You reach down and open the door.
There is an open door here.
Found 5 stones.
h - 3 scrolls of enchant weapon (gained 1) As you open the door, it creaks loudly!
There is an open door here.
There is an open door here.
An orc comes into view. It is wielding a +0 dagger.
The orc shouts!
You hear a shout!
Casting: Momentum Strike (safe; 7% risk of failure)
Confirm with . or Enter, or press ? or * to list all spells.
Okay, then.
Unknown command.
An orc is nearby!
You sock the orc! You freeze the orc.
You kill the orc!
No target in view!
No target in view!
An ogre comes into view. It is wielding a +0 giant club.
You see here 6 gold pieces.
An ogre is nearby!
The ogre hits you with a +0 giant club!!
Things that are here:
a +0 dagger; a +0 scale mail You hit the ogre.
You freeze the ogre.
The ogre is lightly wounded.
The ogre hits you with a +0 giant club!!
Ouch! That really hurt!
You die...

#.### ... #...# ..#
###.# ...##. #.# .....
##.## #.#.##
###...###########.....##
................$.......
###...##########.#######
##.## #@# ###.# #O#
#...# #.. #.### #.#.
##.# #.#.. .#.# #.# ##
.#.# #.. .#.# #.# .#.#


You could see an ogre.

Vanquished Creatures
  Eustachio (D:4)
  Edmund (D:6)
  A water moccasin (D:5)
  An orc warrior (D:6)
  An ice beast (D:5)
  A black bear (D:5)
  5 ogres
  3 phantoms
  3 bullfrogs
  A scorpion (D:5)
  5 wights
  A howler monkey (D:5)
  A hound (D:6)
  A jelly (D:5)
  4 iguanas
  An orc wizard (D:5)
  14 adders
  9 river rats
  2 ufetubi
  5 dart slugs
  20 orcs
  13 ball pythons
  8 bats
  10 endoplasms
  5 giant cockroaches
  3 goblins
  6 hobgoblins
  5 jackals
  4 quokkas
  3 frilled lizards
  13 kobolds
  34 rats
185 creatures vanquished.

Vanquished Creatures (others)
  10 plants (D:2)
10 creatures vanquished.

Grand Total: 195 creatures vanquished

Notes
Turn   | Place    | Note
-------+----------+-------------------------------------------
     0 | D:1      | sasquatch the Gargoyle Reaver began the quest for the Orb.
     0 | D:1      | Reached XP level 1. HP: 12/12 MP: 3/3
   136 | D:1      | Reached XP level 2. HP: 17/17 MP: 5/5
   405 | D:1      | Reached skill level 4 in Maces & Flails
   555 | D:1      | Found Wefesy's Antique Weapon Shop.
   677 | D:1      | Reached XP level 3. HP: 21/21 MP: 6/6
   930 | D:2      | Identified the +1 pair of gloves "Xufoplig" {SInv}
  1050 | D:2      | Found a faded altar of an unknown god.
  1124 | D:2      | Reached XP level 4. HP: 26/26 MP: 7/7
  1204 | D:2      | Reached skill level 5 in Maces & Flails
  1220 | D:2      | Learned a level 2 spell: Momentum Strike
  1587 | D:3      | Found a sacrificial altar of Ru.
  2389 | D:4      | Reached XP level 5. HP: 30/30 MP: 8/8
  2404 | D:4      | Noticed an ogre
  2422 | D:4      | Killed an ogre
  2488 | D:4      | Reached skill level 6 in Maces & Flails
  2508 | D:4      | Noticed Eustachio
  2588 | D:4      | Noticed a phantom
  2602 | D:4      | Killed a phantom
  2603 | D:4      | Reached XP level 6. HP: 24/35 MP: 9/9
  2913 | D:4      | Reached skill level 7 in Maces & Flails
  2913 | D:4      | Reached XP level 7. HP: 39/40 MP: 10/10
  3482 | D:4      | Killed Eustachio
  3483 | D:4      | Reached skill level 5 in Conjurations
  3739 | D:5      | Entered Level 5 of the Dungeon
  3842 | D:5      | Found a glowing drain.
  3852 | Sewer    | Entered a sewer
  3902 | Sewer    | Reached skill level 8 in Maces & Flails
  4191 | Sewer    | Reached XP level 8. HP: 32/44 MP: 11/11
  4198 | Sewer    | Gained mutation: Your spells are a little easier to cast,
                  | but a little less powerful. [potion of mutation]
  4198 | Sewer    | Gained mutation: You are dopey. (Int -2) [potion of
                  | mutation]
  4198 | Sewer    | Gained mutation: Your large and strong wings let you fly.
                  | [potion of mutation]
  4589 | D:5      | Reached skill level 9 in Maces & Flails
  4907 | D:5      | Reached skill level 10 in Maces & Flails
  4972 | D:5      | Reached XP level 9. HP: 33/48 MP: 12/12
  5353 | D:6      | Noticed Edmund
  5374 | D:6      | Killed Edmund
  5375 | D:6      | Reached skill level 11 in Maces & Flails
  5991 | D:6      | Slain by an ogre

Illustrated notes

Levels and vault maps discovered:
D:1:      dpeg_arrival_ratfight, layout_loops_cross, serial_shops,
          nicolae_square_shop
D:2:      layout_rooms, dilly_ecumenical_altar_fadedgnrine
D:3:      layout_basic, nicolae_ru_sacrificial_ziggurat
D:4:      layout_basic, uniq_eustachio
D:5:      layout_basic, portal_sewer_entry_e, st_stairs_3, minmay_between
D:6:      layout_loops_corners, grunt_temple_overflow_open, minmay_checkerbox,
          uniq_edmund

Skill      XL: |  1  2  3  4  5  6  7  8  9 |
---------------+----------------------------+-----
Maces & Flails | 4 5 6 7 8 10 11 | 11.9
Conjurations   | 4 5 6 |  6.0
Fighting       | |  2.1
Dodging        | |  1.5
Spellcasting   | |  2.0

Action                     |  1- 3 |  4- 6 |  7- 9 || total
---------------------------+-------+-------+-------++-------
  Melee: Mace              |   108 |   159 |    11 ||   278
         Punch             |     1 |     1 |     2 ||     4
         Morningstar       |       |       |   260 ||   260
  Throw: Boomerang         |       |     2 |       ||     2
         Dart              |       |       |     3 ||     3
   Cast: Momentum Strike   |       |     2 |     1 ||     3
    Use: Scroll            |       |       |     9 ||     9
         Potion            |       |       |     4 ||     4
 Armour: Leather armour    |    49 |    70 |   161 ||   280
  Dodge: Dodged            |    63 |   107 |   190 ||   360
